 Dungeon Crawl Stone Soup version 0.19-a0-1394-g582fb70 (webtiles) character file.

658 Cheibrodos the Cutter (level 7, -4/46 HPs)
             Began as a Mummy Enchanter on Sept 3, 2016.
             Slain by a gnoll
             ... wielding a +0 spear
              (9 damage)
             ... on level 5 of the Dungeon.
             The game lasted 00:13:04 (6978 turns).

Cheibrodos the Cutter (Mummy Enchanter)             Turns: 6978, Time: 00:13:04

Health: -4/46      AC:  2    Str: 12    XL:     7   Next: 29%
Magic:  10/10      EV: 12    Int: 16    God:
Gold:   11         SH:  0    Dex: 12    Spells: 4 memorised, 1 level left

rFire  x . .     SeeInvis .     a - +1 dagger (venom)
rCold  + . .     Gourm    .     h - +0 robe (curse)
rNeg   + + +     Faith    .     (no shield)
rPois  ∞         Spirit   .     (no helmet)
rElec  .         Dismiss  .     (no cloak)
rCorr  .         Reflect  .     (no gloves)
MR     .....     Harm     .     (no boots)
Stlth  ++........               (no amulet)
                                (no ring)
                                (no ring)

@: no status effects
A: no food or potions, fire vulnerability, cold resistance 1, negative energy
resistance 3, torment resistance, unbreathing
a: no special abilities


You were on level 5 of the Dungeon.
You were not hungry.

You visited 1 branch of the dungeon, and saw 5 of its levels.

You collected 242 gold pieces.
You spent 231 gold pieces at shops.


Innate Abilities, Weirdness & Mutations

You do not eat or drink.
Your flesh is vulnerable to fire.
You are immune to poison.
Your flesh is cold resistant. (rC+)
You are immune to negative energy. (rN+++)
You are immune to unholy pain and torment.
You can survive without breathing.


   Skills:
 + Level 6.7 Short Blades
 - Level 1.5 Dodging
 - Level 2.4 Stealth
 - Level 2.0 Spellcasting
 - Level 2.6 Hexes


You had one spell level left.
You knew the following spells:

 Your Spells              Type           Power        Failure   Level  Hunger
a - Corona                Hex            ##.....      10%         1    N/A
b - Ensorcelled Hibernat  Hex/Ice        #.....       21%         2    N/A
c - Dazzling Spray        Conj/Hex       #.....       38%         3    N/A
d - Confuse               Hex            ##......     21%         3    N/A

Inventory:

Hand Weapons
 a - a +1 dagger of venom (weapon)
 b - a +0 short sword
 e - a +1 dagger of pain
 j - a +1 dagger
Missiles
 i - 7 javelins (quivered)
Armour
 f - a +2 robe
 h - a cursed +0 robe (worn)
 o - the +1 ring mail of Spring {Int-2 Dex+7, unknown}
   (You bought it in a shop on level 4 of the Dungeon)

   It affects your intelligence (-2).
   It affects your dexterity (+7).
 q - a +1 leather armour of magic resistance
Jewellery
 m - an uncursed ring of see invisible {unknown}
Wands
 l - a wand of flame (26/48)
Scrolls
 d - a scroll of enchant armour
 g - 2 scrolls of recharging
 k - 2 scrolls of magic mapping
 n - a scroll of amnesia {unknown}
Books
 c - a book of Maledictions

   Spells                             Type                      Level
   a - Corona                         Hexes                        1
   b - Ensorcelled Hibernation        Hexes/Ice                    2
   c - Confuse                        Hexes                        3
   d - Tukima's Dance                 Hexes                        3
   e - Dazzling Spray                 Conjuration/Hexes            3

#.#.#####.#####
#.#...........#
##.#######.###.#
#..# #.# #.#
#.##### #.# #.#
#.....# #.# #.#
#####.# #g# #g#
#.# #g# #<#
#######.## #.#
#@#
#....).#..##.#
#.#
..###.###.##.#
#.#
.....#####...#
#.#
..###.##...###
#.# ##.#..g###
#.# ###........#
#.#
#....(...()..#
#.#
#..##.......g#


You could see a gnoll.


Message History

You hear a shout! x2
The gnoll hits you with a flail!
You hit the gnoll.
The gnoll looks as sick as possible!
The gnoll is heavily wounded.
You closely miss the gnoll.
The gnoll is heavily wounded.
The gnoll hits you with a flail!
You barely miss the gnoll.
The gnoll is heavily wounded.
You hit the gnoll.
The gnoll looks as sick as possible!
The gnoll is almost dead.
The gnoll hits you with a flail!
You kill the gnoll!
Unknown command.
The gnoll closely misses you.
There is a stone staircase leading up here.
The gnoll hits you with a spear!
There is a stone staircase leading up here.
You hit the gnoll but do no damage. The gnoll hits you with a spear!
You completely miss the gnoll. You hit the gnoll but do no damage.
The gnoll is poisoned.
The gnoll hits you but does no damage.
You hit the gnoll.
The gnoll looks even sicker.
The gnoll is moderately wounded.
The gnoll hits you with a spear!
* * * LOW HITPOINT WARNING * * *
You closely miss the gnoll.
The gnoll is heavily wounded.
The gnoll hits you from afar with a spear!
You die...

Action                   |  1- 3 |  4- 6 |  7- 9 || total
-------------------------+-------+-------+-------++-------
Melee: Dagger            |   193 |   192 |    67 ||   452
       Short sword       |       |    18 |     8 ||    26
Throw: Javelin           |       |     3 |       ||     3
 Cast: Ensorcelled Hiber |       |     1 |       ||     1
  Use: Scroll            |     7 |     2 |     1 ||    10
 Stab: Sleeping          |     7 |     5 |       ||    12
Armor: Robe              |    29 |    35 |     2 ||    66
Dodge: Dodged            |   113 |   105 |    29 ||   247

Vault maps used:
D:1:      grunt_arrival_crossed_arrows
D:3:      uniq_sigmund
D:4:      first_bread, serial_shops, nicolae_shop_window_shopping, uniq_natasha

Notes
Turn   | Place    | Note
-------+----------+-------------------------------------------
     0 | D:1      | Cheibrodos the Mummy Enchanter began the quest for the Orb.
     0 | D:1      | Reached XP level 1. HP: 13/13 MP: 3/3
   136 | D:1      | Reached skill level 1 in Short Blades
   708 | D:1      | You fall through a shaft!
   857 | D:1      | Reached XP level 2. HP: 6/19 MP: 5/5
  1152 | D:1      | Learned a level 2 spell: Ensorcelled Hibernation
  1246 | D:1      | Reached skill level 2 in Short Blades
  1808 | D:2      | Reached XP level 3. HP: 24/24 MP: 6/6
  2213 | D:2      | Reached skill level 3 in Short Blades
  2485 | D:3      | Noticed Sigmund
  2517 | D:3      | Learned a level 3 spell: Dazzling Spray
  2632 | D:3      | Reached XP level 4. HP: 17/30 MP: 7/7
  3462 | D:3      | Reached skill level 4 in Short Blades
  3462 | D:3      | Reached XP level 5. HP: 11/35 MP: 8/8
  4095 | D:4      | Reached skill level 5 in Short Blades
  4141 | D:4      | Reached XP level 6. HP: 19/41 MP: 9/9
  4321 | D:4      | Found Zoicly's Antique Armour Emporium.
  4372 | D:4      | Bought a jewelled ring mail for 189 gold pieces
  5132 | D:4      | Learned a level 3 spell: Confuse
  5177 | D:4      | Reached skill level 6 in Short Blades
  5345 | D:4      | Reached XP level 7. HP: 39/46 MP: 10/10
  5606 | D:4      | Noticed Natasha
  5618 | D:4      | Killed Natasha
  5864 | D:4      | Noticed Natasha
  6296 | D:4      | Bought a runed leather armour for 42 gold pieces
  6303 | D:5      | Entered Level 5 of the Dungeon
  6316 | D:4      | HP: 3/46 [gnoll/halberd (9)]
  6978 | D:5      | Slain by a gnoll

Vanquished Creatures
  An ogre (D:4)
  A scorpion (D:4)
  A water moccasin skeleton (D:4)
  A crimson imp (D:4)
  A giant frog skeleton (D:4)
  2 orc wizards (D:4)
  2 orc priests
  2 iguanas (D:4)
  Natasha (D:4)
  2 worker ants (D:4)
  A gnoll (D:5)
  5 adders
  2 worms
  3 dart slugs
  2 giant geckos
  15 orcs
  11 bats
  3 giant cockroaches
  8 goblins
  4 hobgoblins
  10 jackals
  7 quokkas
  A ball python (D:4)
  A ball python skeleton (D:4)
  4 giant newts
  8 kobolds
  7 rats
106 creatures vanquished.
